 Dungeon Crawl Stone Soup version 0.28-a0-80-g9707f7362f (webtiles) character file.

Game seed: 8996741717712590343

108 Sweetruy1997 the Magician (level 4, -3/36 HPs)
             Began as a Naga Hedge Wizard on Aug 5, 2021.
             Killed by divine providence
             ... invoked by an orc priest
              (15 damage)
             ... on level 4 of the Dungeon.
             The game lasted 00:10:05 (4554 turns).

Sweetruy1997 the Magician (Naga Hedge Wizard)       Turns: 4554, Time: 00:10:06

Health: -3/36      AC:  3    Str: 12    XL:     4   Next: 87%
Magic:  2/10       EV: 10    Int: 15    God:
Gold:   31         SH:  5    Dex: 11    Spells: 0/11 levels left

rFire   . . .      SeeInvis +   m - +2 short sword (speed)
rCold   + . .      Faith    .   (no shield)
rNeg    . . .      Spirit   .   b - +0 robe
rPois   +          Reflect  +   c - +0 hat
rElec   .          Harm     .   (no cloak)
rCorr   .          Rampage  .   h - +0 pair of gloves
Will    .....      NoTele   +   (no barding)
Stlth   ++........              g - amulet of reflection
HPRegen 0.12/turn               j - ring of protection from cold
MPRegen 0.12/turn               (no ring)

@: immobile, very slightly contaminated, very slow
A: AC +1, large, see invisible, deformed body, poison resistance, slowness 2,
spit poison 1, naga tail 1
a: Spit Poison


You were on level 4 of the Dungeon.
You visited 1 branch of the dungeon, and saw 4 of its levels.

You collected 119 gold pieces.
You spent 88 gold pieces at shops.

Inventory:

Hand Weapons
 m - a +2 short sword of speed (weapon)
Armour
 b - a +0 robe (worn)
 c - a +0 hat (worn)
 h - a +0 pair of gloves (worn)
Jewellery
 g - an amulet of reflection (around neck)
 j - a ring of protection from cold (left hand)
 l - an amulet of guardian spirit
Scrolls
 d - 2 scrolls of amnesia
 e - 2 scrolls of teleportation
Potions
 f - 2 potions of curing
 i - 4 potions of heal wounds
 k - 2 potions of attraction {unknown}
 n - a potion of haste {unknown}
 o - a potion of flight {unknown}


   Skills:
 + Level 0.4 Short Blades
 + Level 2.0 Dodging
 + Level 3.7 Stealth
 + Level 0.6 Shields
 + Level 4.0 Spellcasting
 + Level 2.0 Conjurations
 + Level 1.1 Summonings
 + Level 1.1 Translocations


You couldn't memorise any spells.
You knew the following spells:

 Your Spells              Type           Power      Damage    Failure   Level
a - Magic Dart            Conj           36%        1d4       8%          1
b - Blink                 Tloc           N/A        N/A       17%         2
c - Call Imp              Summ           6%         N/A       17%         2
d - Slow                  Hex            3%         N/A       26%         2
e - Gell's Gravitas       Tloc           3%         N/A       34%         3
f - Shock                 Conj/Air       24%        1d4       12%         1

Your spell library contained the following spells:

 Spells                   Type           Power      Damage    Failure   Level
 Beastly Appendage        Tmut           6%         N/A       19%         1
 Poisonous Vapours        Pois/Air       6%         N/A       26%         2
 Conjure Flame            Conj/Fire      6%         6-21      34%         3
 Lesser Beckoning         Tloc           3%         N/A       34%         3
 Teleport Other           Tloc           6%         N/A       34%         3
 Mephitic Cloud           Conj/Pois/Air  5%         N/A       38%         3
 Inner Flame              Hex/Fire       3%         N/A       47%         3
 Ozocubu's Armour         Ice            3%         N/A       47%         3
 Cause Fear               Hex            1%         N/A       87%         4
 Ozocubu's Refrigeration  Ice            1%         4d5       100%        7
 Discord                  Hex            1%         N/A       100%        8


Dungeon Overview and Level Annotations

Branches:
Dungeon (4/15)
 Temple: D:4-7

Altars:

Shops:
D:1 ?

Annotations:
D:4 Menkaure


Innate Abilities, Weirdness & Mutations

Your serpentine skin is tough. (AC +1)
You have supernaturally acute eyesight. (SInv)
Armour fits poorly on your strangely shaped body.
Your system is resistant to poisons. (rPois)
You cover ground very slowly.
You can spit poison.
You have a snake-like lower body.


Message History

Confirm with . or Enter, or press ? or * to list all spells.
A shadowy apparition takes form in the air.
You swap places.
The orc priest hits your crimson imp with a +0 flail.
Your crimson imp hits the orc priest.
You swap places.
The orc priest barely misses your crimson imp.
Your crimson imp hits the orc priest.
The orc priest hits your crimson imp with a +0 flail.
Menkaure casts a spell.
Menkaure seems to speed up.
Your crimson imp hits the orc priest.
The orc priest hits your crimson imp with a +0 flail!
Your crimson imp dies!
You have got your breath back.
The orc priest misses your shadow imp.
Your shadow imp barely misses the orc priest.
Menkaure rustles, "Let me perform the rites..."
The orc priest barely misses your shadow imp.
Your shadow imp hits the orc priest.
The orc priest closely misses your shadow imp.
Menkaure calls on the powers of darkness!
The orc convulses! x2; Your body is wracked with pain!
Your shadow imp barely misses the orc priest.
The orc priest invokes the aid of Beogh against your shadow imp.
Your shadow imp is smitten.
Your shadow imp dies!
Casting: Call Imp (safe; 17% risk of failure)
Confirm with . or Enter, or press ? or * to list all spells.
The spell is quite dangerous to cast (34% risk of failure)!
Continue anyway?
Aiming: Gell's Gravitas (quite dangerous; 34% risk of failure)
Press: ? - help, Dir - move target, f/p - orc priest
Aim: an orc priest, wielding a +0 flail (almost dead, unaware, hasn't noticed you)
You miscast Gell's Gravitas.
You are very lightly contaminated with residual magic.
You catch a glimpse of the back of your own head.
You are magically locked in place.
The orc priest shouts!
The orc priest mumbles some strange prayers to Beogh against you.
Beogh smites you!
You die...

#########
#..........#$.
##.########.#.#
#.........#.#..
#####.##....###.#.#
#<..........#......
#####.#.....# #...#
#@#.....# #...####
#.#)....# #..<....
#.#.....#......###
#.#..#..#......+
#o#.....#......#
#M##...........#
#oo.M.o........+
####.....#...!.#
#.....#.....#


You could see Menkaure (fast), an orc priest and 2 orcs.

Vanquished Creatures
  A hound skeleton (D:4)
  An adder (D:2)
  A howler monkey skeleton (D:3)
  A worm (D:3)
  2 dart slugs
  5 bats
  8 endoplasms
  3 giant cockroaches
  9 goblins
  6 hobgoblins
  5 jackals
  7 kobolds
  A quokka (D:1)
  3 ball pythons
  3 frilled lizards
  7 rats
63 creatures vanquished.

Vanquished Creatures (collateral kills)
  A ball python (D:2)
  3 jackals (D:2)
  2 bats
6 creatures vanquished.

Vanquished Creatures (others)
  A rat (D:1)
1 creature vanquished.

Grand Total: 70 creatures vanquished

Notes
Turn   | Place    | Note
-------+----------+-------------------------------------------
     0 | D:1      | Sweetruy1997 the Naga Hedge Wizard began the quest for the
                  | Orb.
     0 | D:1      | Reached XP level 1. HP: 15/15 MP: 4/4
   112 | D:1      | Found Dautrim's Magic Scroll Emporium.
   343 | D:1      | Reached XP level 2. HP: 22/22 MP: 0/6
   346 | D:1      | Learned a level 2 spell: Blink
   349 | D:1      | Learned a level 2 spell: Call Imp
   352 | D:1      | Learned a level 2 spell: Slow
  1420 | D:1      | Reached XP level 3. HP: 28/28 MP: 6/8
  2756 | D:2      | Found a faded altar of an unknown god.
  2834 | D:2      | Reached XP level 4. HP: 35/36 MP: 3/9
  3609 | D:1      | Bought 2 scrolls of identify for 44 gold pieces
  3609 | D:1      | Bought a scroll of identify for 22 gold pieces
  3609 | D:1      | Bought a scroll of identify for 22 gold pieces
  3678 | D:3      | Reached skill level 4 in Spellcasting
  4252 | D:3      | Learned a level 3 spell: Gell's Gravitas
  4365 | D:3      | Got the Grimoire of Transformation and the Birds
  4460 | D:3      | Learned a level 1 spell: Shock
  4529 | D:4      | Noticed Menkaure
  4554 | D:4      | Killed from afar by an orc priest

Illustrated notes

Levels and vault maps discovered:
D:1:      matt_arrival_los_fun, layout_loops_corners, serial_shops,
          nicolae_square_shop, serial_bayou_ford_a, serial_park_tiny_1,
          minmay_statues_item, lemuel_old_faithful
D:2:      layout_basic, hellmonk_ecumenical_altar_leap_of_faith
D:3:      layout_loops_ring
D:4:      layout_basic, cheibrodos_worm_habitat, serial_shops,
          nicolae_shop_waterfront, kennysheep_dice, uniq_menkaure

Skill      XL: |  1  2  3  4 |
---------------+-------------+-----
Dodging        | 2 |  2.0
Spellcasting   | 4 |  4.0
Conjurations   | 2 |  2.0
Short Blades   | |  0.4
Stealth        | |  3.7
Shields        | |  0.6
Summonings     | |  1.1
Translocations | |  1.1

Action                   |  1- 3 |  4- 6 || total
-------------------------+-------+-------++-------
Melee: Dagger            |    44 |    10 ||    54
       Short sword       |       |    40 ||    40
 Cast: Magic Dart        |    88 |    51 ||   139
       Call Imp          |     4 |     3 ||     7
       Blink             |     3 |       ||     3
 Abil: Spit Poison       |     3 |     3 ||     6
  Use: Scroll            |       |     6 ||     6
Armor: Robe              |     5 |    13 ||    18
Dodge: Dodged            |    34 |    33 ||    67
Block: Other             |     1 |    15 ||    16

Table legend: (Time is in decaauts)
 A = Elapsed time spent in this place.
 B = Non-inter-level travel time spent in this place.
 C = Inter-level travel time spent in this place.
 D = Time resting spent in this place.
 E = Time spent auto-exploring this place.
 F = Levels seen in this place.
 G = Mean time per level.
                   A        B        C        D        E       F      G
               +--------+--------+--------+--------+--------+-----+--------+
         Total |   5545 |   5132 |    413 |    356 |   4281 |   4 | 1386.2 |
       Dungeon |   5545 |   5132 |    413 |    356 |   4281 |   4 | 1386.2 |
               +--------+--------+--------+--------+--------+-----+--------+

Top non-repeatable levels by time:
     D:1: 2360 daAuts
     D:2: 1811 daAuts
     D:3: 1309 daAuts
     D:4: 63 daAuts
